 Dungeon Crawl Stone Soup version 0.18.1-5-g4a78601 (webtiles) character file.

3542 itsgotmetoo the Whirler (level 10, -4/60 HPs)
             Began as a Halfling Hunter on May 11, 2016.
             Was an Elder of Cheibriados.
             Slain by a polar bear (5 damage)
             ... on level 9 of the Dungeon.
             The game lasted 00:48:32 (5215 turns).

itsgotmetoo the Whirler (Halfling Hunter)           Turns: 5215, Time: 00:48:33

Health: -4/60      AC: 10    Str: 22    XL:     10   Next: 29%
Magic:  10/10      EV: 16    Int: 20    God:    Cheibriados [****..]
Gold:   351        SH: 11    Dex: 29    Spells: 0 memorised, 9 levels left

rFire  + . .     SeeInvis .     a - +1 hunting sling
rCold  x . .     Gourm    .     g - +0 ring mail
rNeg   . . .     Faith    .     R - +0 shield
rPois  .         Spirit   .     F - +0 helmet
rElec  .         Dismiss  .     D - +0 cloak
rCorr  .         Reflect  .     t - +0 pair of gloves
SustAt .         Harm     .     x - +0 pair of boots
MR     .....                    (no amulet)
Stlth  ++........               (no ring)
                                J - ring of fire

@: very slightly contaminated, hasted, not resistant to hostile enchantments,
unstealthy
A: mutation resistance 1
a: Bend Time, Temporal Distortion, Slouch, Renounce Religion


You were on level 9 of the Dungeon.
You worshipped Cheibriados.
Cheibriados was greatly pleased with you.
You were not hungry.

You visited 1 branch of the dungeon, and saw 10 of its levels.

You collected 351 gold pieces.

Inventory:

Hand Weapons
 a - a +1 hunting sling (weapon)
 b - a +0 short sword
 u - a +2 spear of piercing
 y - a +0 blowgun
 B - a cursed -1 hand axe
 N - a cursed -3 hunting sling
Missiles
 d - 15 sling bullets (quivered)
 e - 136 stones
 z - 39 poisoned needles
Armour
 c - a +0 leather armour
 g - a +0 ring mail (worn)
 o - a +0 chain mail
 t - a +0 pair of gloves (worn)
 x - a +0 pair of boots (worn)
 C - a +0 helmet
 D - a +0 cloak (worn)
 F - a +0 helmet (worn)
 R - a +0 shield (worn)
 T - a +1 pair of gloves
Jewellery
 k - an uncursed amulet of inaccuracy
 J - a ring of fire (left hand)
Wands
 P - a wand of iceblast (6/15)
 X - a wand of flame (16/48)
Scrolls
 h - 2 scrolls of blinking {unknown}
 i - a scroll of amnesia
 l - 2 scrolls of remove curse
 n - 2 scrolls of magic mapping {unknown}
 p - 4 scrolls of identify {unknown}
 w - 2 scrolls of teleportation {unknown}
 A - 2 scrolls of random uselessness {unknown}
 E - a scroll of fear {unknown}
 L - a scroll of noise {unknown}
 O - 2 scrolls of recharging {unknown}
 Q - a scroll of immolation {unknown}
 S - a scroll of torment {unknown}
 U - a scroll of fog {unknown}
 Y - a scroll of enchant armour {unknown}
Potions
 j - a potion of haste
 m - a potion of heal wounds {unknown}
 r - a potion of curing
 s - a potion of invisibility
 v - a potion of beneficial mutation {unknown}
 G - a potion of flight {unknown}
 I - a potion of mutation {unknown}
 M - a potion of brilliance {unknown}
Books
 V - a book of Envenomations

   Spells                             Type                      Level
   a - Spider Form                    Transmutation/Poison         3
   b - Olgreb's Toxic Radiance        Poison                       4
   c - Alistair's Intoxication        Transmutation/Poison         5
   d - Poisonous Cloud                Conjuration/Poison/Air       6
Miscellaneous
 H - a plain deck of changes
Comestibles
 f - 4 bread rations
 q - 5 meat rations
 K - a beef jerky
 W - a royal jelly
 Z - 24 fruits


   Skills:
 + Level 2.0 Fighting
 + Level 17.0 Slings
 + Level 4.2 Armour
 + Level 5.0 Dodging
 + Level 1.9 Stealth
 + Level 2.9 Shields


You had 9 spell levels left.
You didn't know any spells.

Dungeon Overview and Level Annotations

Branches:
Dungeon (10/15)
 Temple: D:4-7         Lair: D:8-11         Orc: D:9-12

Altars:
Ashenzari
Cheibriados
Dithmenos
Kikubaaqudgha
Nemelex Xobeh
Trog
Vehumet
Zin
The Shining One

Shops:
D:5 }


Innate Abilities, Weirdness & Mutations

You are small and have problems with some larger weapons.
You are somewhat resistant to further mutation.


Message History

* * * LOW HITPOINT WARNING * * *
The polar bear claws you but does no damage.
You block the polar bear's attack.
Firing (i - inventory. (,) - cycle):
d - 16 sling bullets (quivered)
Press: ? - help, Shift-Dir - straight line, f/p - polar bear
Aim: a polar bear (severely wounded, berserk, fast, unusually strong)
You shoot a sling bullet.
The sling bullet hits the polar bear but does no damage.
The polar bear is severely wounded.
The polar bear bites you.
* * * LOW HITPOINT WARNING * * *
The polar bear claws you but does no damage.
The polar bear claws you.
* * * LOW HITPOINT WARNING * * *
There are no items here.
Drink which item? (? for menu, Esc to quit)
You feel better. The polar bear bites you!
* * * LOW HITPOINT WARNING * * *
The polar bear barely misses you. The polar bear claws you.
You die...

## #. #.
##. ..
###.###
#...(.#
#...@.#
###...h.#
##.##....#
##...##...#
#.....#...#
#.....#...#
#.........#
#....##.(##
###.##..##


You could see a polar bear (berserk).

Vanquished Creatures
  A centaur warrior (D:9)
  A hungry ghost (D:8)
  A hippogriff (D:9)
  A black bear (D:9)
  An orc warrior (D:8)
  A sky beast (D:8)
  2 phantoms
  4 ogres
  4 ice beasts (D:9)
  A centaur (D:6)
  A crocodile (D:9)
  A big kobold (D:9)
  3 giant frogs
  3 scorpions
  A water moccasin skeleton (D:9)
  A giant frog zombie (D:5)
  A jelly (D:5)
  3 crimson imps
  A hound (D:4)
  3 orc wizards
  4 orc priests
  2 giant frog skeletons
  An iguana (D:4)
  7 worker ants
  A killer bee zombie (D:9)
  A giant frog simulacrum (D:9)
  A worker ant zombie (D:8)
  5 adders
  3 shadow imps
  A worker ant simulacrum (D:9)
  2 oozes
  A worm (D:5)
  3 dart slugs
  6 giant geckos
  13 orcs
  3 ball pythons
  2 bats
  5 giant cockroaches
  9 goblins
  5 hobgoblins
  8 jackals
  3 quokkas
  3 giant newts
  8 kobolds
  6 rats
138 creatures vanquished.

Notes
Turn   | Place    | Note
--------------------------------------------------------------
     0 | D:1      | itsgotmetoo the Halfling Hunter began the quest for the Orb.
     0 | D:1      | Reached XP level 1. HP: 14/14 MP: 1/1
    80 | D:1      | Reached skill level 6 in Slings
   124 | D:1      | Reached XP level 2. HP: 19/19 MP: 2/2
   479 | D:1      | Reached XP level 3. HP: 24/24 MP: 3/3
   550 | D:1      | Reached skill level 7 in Slings
  1125 | D:2      | Found a snail-covered altar of Cheibriados.
  1129 | D:2      | Found a shattered altar of Ashenzari.
  1137 | D:2      | Found a glowing silver altar of Zin.
  1191 | D:2      | Became a worshipper of Cheibriados the Contemplative
  1372 | D:3      | Reached XP level 4. HP: 29/29 MP: 4/4
  1559 | D:3      | Found a shadowy altar of Dithmenos.
  1589 | D:3      | Found an ancient bone altar of Kikubaaqudgha.
  1615 | D:3      | Reached skill level 8 in Slings
  1636 | D:3      | Found a radiant altar of Vehumet.
  1993 | D:3      | Reached * piety under Cheibriados
  2377 | D:4      | Reached XP level 5. HP: 34/34 MP: 5/5
  2450 | D:4      | Reached skill level 9 in Slings
  2506 | D:4      | Noticed a giant frog
  2509 | D:4      | Killed a giant frog
  2509 | D:4      | Reached skill level 1 in Armour
  2509 | D:4      | Reached XP level 6. HP: 39/39 MP: 6/6
  2701 | D:4      | Noticed an ogre
  2710 | D:4      | Killed an ogre
  2710 | D:4      | Reached skill level 10 in Slings
  2729 | D:4      | Reached XP level 7. HP: 37/44 MP: 7/7
  2837 | D:4      | Reached ** piety under Cheibriados
  2994 | D:5      | Entered Level 5 of the Dungeon
  3177 | D:5      | Found a sparkling altar of Nemelex Xobeh.
  3231 | D:5      | Found Voje's Gadget Shoppe.
  3235 | D:5      | Reached skill level 11 in Slings
  3601 | D:6      | Reached skill level 12 in Slings
  3601 | D:6      | Reached XP level 8. HP: 40/49 MP: 8/8
  3856 | D:7      | Reached skill level 13 in Slings
  4144 | D:7      | Reached *** piety under Cheibriados
  4260 | D:8      | Reached XP level 9. HP: 46/54 MP: 9/9
  4282 | D:8      | Reached skill level 14 in Slings
  4429 | D:8      | Found a snail-covered altar of Cheibriados.
  4513 | D:9      | Reached skill level 15 in Slings
  4588 | D:9      | Reached skill level 1 in Shields
  4627 | D:10     | Entered Level 10 of the Dungeon
  4731 | D:9      | Found a glowing golden altar of the Shining One.
  4731 | D:9      | Found a bloodstained altar of Trog.
  4751 | D:9      | Noticed a centaur warrior
  4766 | D:9      | Killed a centaur warrior
  4766 | D:9      | Reached skill level 16 in Slings
  4766 | D:9      | Reached XP level 10. HP: 6/60 MP: 10/10
  4994 | D:9      | Reached **** piety under Cheibriados
  5116 | D:9      | Reached skill level 5 in Dodging
  5181 | D:9      | Reached skill level 17 in Slings
  5215 | D:9      | HP: 1/60 [polar bear (9)]
  5215 | D:9      | Slain by a polar bear

Skill      XL: |  1  2  3  4  5  6  7  8  9 10 |
---------------+-------------------------------+-----
Slings         | 6 7 8 9 10 12 13 16 17 | 17.0
Armour         | 1 2 3 4 |  4.2
Dodging        | 3 4 5 |  5.0
Fighting       | 2 |  2.0
Shields        | 2 |  2.9
Stealth        | |  1.9

Action                   |  1- 3 |  4- 6 |  7- 9 | 10-12 || total
-------------------------+-------+-------+-------+-------++-------
Melee: Hunting sling     |       |       |       |     2 ||     2
 Fire: Hunting sling     |    67 |    94 |   329 |    95 ||   585
  Use: Potion            |     1 |       |       |     3 ||     4
       Scroll            |       |     2 |     1 |       ||     3
  Eat: Bread ration      |     1 |       |     1 |       ||     2
       Chunk             |       |       |     1 |       ||     1
Armor: Leather armour    |     1 |       |       |       ||     1
       Chain mail        |     4 |     7 |       |       ||    11
       Ring mail         |       |    11 |    22 |    17 ||    50
Dodge: Dodged            |     8 |    20 |    44 |    36 ||   108
Block: Shield            |       |       |    30 |    38 ||    68
